 Dungeon Crawl Stone Soup version 0.30-a0-165-g1891117ce2 (webtiles) character file.

Game seed: 3939581778060544316

68 qw the Chopper (level 4, -5/28 HPs)
             Began as a Gargoyle Fighter on Sept 28, 2022.
             Slain by a gnoll
             ... wielding a +3 halberd
              (9 damage)
             ... on level 2 of the Dungeon.
             The game lasted 00:00:30 (1474 turns).

qw the Chopper (Gargoyle Fighter)                   Turns: 1474, Time: 00:00:30

Health: -5/28      AC: 11    Str: 21    XL:     4   Next: 19%
Magic:  4/4        EV:  9    Int:  9    God:
Gold:   84         SH:  9    Dex:  9    Spells: 3/3 levels left

rFire   . . .      SeeInvis .    Y - +0 war axe
rCold   . . .      Faith    .    c - +0 buckler
rNeg    + + .      Spirit   .    b - +0 scale mail
rPois   inf        Reflect  +    (no helmet)
rElec   +          Harm     .    (no cloak)
rCorr   .          Rampage  .    (no gloves)
Will    .....                    h - +0 pair of boots
Stlth   ..........               q - amulet of reflection
HPRegen 0.09/turn                o - ring of positive energy
MPRegen 0.09/turn                (no ring)

@: no status effects
A: sickness immunity, AC +3, negative energy resistance 1, electricity
resistance, torment resistance 1, petrification resistance
a: no special abilities


You were on level 2 of the Dungeon.
You visited 1 branch of the dungeon, and saw 2 of its levels.

You collected 84 gold pieces.


Innate Abilities, Weirdness & Mutations

You are immune to sickness and miasma.
Your stone body is resilient. (AC +3)
You are immune to poison.
You resist negative energy. (rN+)
You are resistant to electric shocks. (rElec)
You are resistant to unholy torment.
You are immune to petrification.


   Skills:
 - Level 3.2 Fighting
 + Level 3.6 Axes
 - Level 1.2 Throwing
 - Level 3.2 Armour
 - Level 3.2 Shields


You had 3 spell levels left.
You didn't know any spells.
Your spell library was empty.

Inventory:

Hand Weapons
 l - a +0 whip
 Y - a +0 war axe (weapon)
Missiles
 k - a javelin (quivered)
Armour
 b - a +0 scale mail (worn)
 c - a +0 buckler (worn)
 h - a +0 pair of boots (worn)
Jewellery
 o - a ring of positive energy (left hand)
 q - an amulet of reflection (around neck)
Scrolls
 m - 2 scrolls of identify
Potions
 d - a potion of might
 f - a potion of haste {unknown}
 g - a potion of berserk rage {unknown}
 i - a potion of degeneration {unknown}
 p - a potion of brilliance {unknown}
 r - 2 potions of curing {unknown}

Dungeon Overview and Level Annotations

Branches:
Dungeon (2/15)

Altars:


Message History

There is a stone staircase leading up here. 3 gnolls and a rat come into view.
The gnoll shouts! x3
A gnoll comes into view. It is wielding a +0 whip.
1463 ||| Stepping ~*~*~tactically~*~*~ (hiding).
You start waiting.
A rat is nearby!
You closely miss the rat. The rat barely misses you.
You barely miss the rat. The rat bites you but does no damage.
You block the gnoll's attack.
You barely miss the rat. The rat bites you but does no damage.
The gnoll hits you from afar with a +3 halberd.
You block the gnoll's attack. The rat bites you but does no damage.
You slash the rat!
You kill the rat!
The gnoll closely misses you.
You closely miss the gnoll. The gnoll hits you with a +0 flail.
The gnoll barely misses you. x3
You hit the gnoll.
The gnoll is moderately wounded.
The gnoll hits you with a +0 flail. The gnoll barely misses you.
You barely miss the gnoll.
The gnoll is moderately wounded.
The gnoll hits you with a +0 flail.
The gnoll hits you from afar with a +3 halberd.
The gnoll hits you with a +0 flail. You block the gnoll's attack.
You hit the gnoll.
The gnoll is heavily wounded.
You block the gnoll's attack. x2
You hit the gnoll but do no damage.
The gnoll is heavily wounded.
The gnoll hits you but does no damage. x2
You barely miss the gnoll.
The gnoll is heavily wounded.
The gnoll hits you but does no damage.
The gnoll hits you from afar with a +3 halberd.
The gnoll hits you from afar with a +3 halberd!
You die...

.# # . .# # . .# #
.#.#### # g### #..
..# # .g.g.###.#
#.## ### #..gr.g.#
#.. ... ##g.###.#
#
#@#.....##########
#............?..##
#..#.##.#######.##
######.#.....# #
.........<.##.# ..
#############.#
.#. #.# ## #.# #.#


You could see 2 gnolls.

Vanquished Creatures
  3 adders (D:2)
  A dart slug (D:2)
  A worm (D:2)
  3 ball pythons
  4 bats
  2 endoplasms
  6 goblins
  2 hobgoblins
  4 jackals (D:1)
  2 frilled lizards
  3 kobolds (D:1)
  4 rats
35 creatures vanquished.

Notes
Turn   | Place    | Note
-------+----------+-------------------------------------------
     0 | D:1      | qw the Gargoyle Fighter began the quest for the Orb.
     0 | D:1      | Reached XP level 1. HP: 14/14 MP: 1/1
     0 | D:1      | 0 ||| qw: Version: 0.2-a-12-gaebbb33
     0 | D:1      | 0 ||| qw: Game counter: 793
     0 | D:1      | 0 ||| qw: Always use a shield: true
     0 | D:1      | 0 ||| qw: God list: Okawaru
     0 | D:1      | 0 ||| qw: Allow faded altars: false
     0 | D:1      | 0 ||| qw: Do Orc after D:15 true
     0 | D:1      | 0 ||| qw: Do second Lair branch before Depths: true
     0 | D:1      | 0 ||| qw: Lair rune preference: random
     0 | D:1      | 0 ||| qw: Plans: Normal, Zot:1-4, God:TSO, Crypt, Tomb,
                  | Pan, Slime:5, Hells, Abyss, Orb
     0 | D:1      | 0 ||| PLANNING D:1-11
    42 | D:1      | 42 ||| Stepping ~*~*~tactically~*~*~ (stealth).
    45 | D:1      | 45 ||| Stepping ~*~*~tactically~*~*~ (stealth).
    54 | D:1      | 54 ||| Stepping ~*~*~tactically~*~*~ (stealth).
    60 | D:1      | Reached XP level 2. HP: 19/19 MP: 2/2
    87 | D:1      | 87 ||| Stepping ~*~*~tactically~*~*~ (stealth).
   586 | D:1      | Reached skill level 3 in Axes
   912 | D:1      | Reached XP level 3. HP: 23/23 MP: 3/3
   916 | D:1      | 916 ||| DROPPING +0 club.
   925 | D:1      | 925 ||| UPGRADING to +0 pair of boots.
   930 | D:1      | 930 ||| UPGRADING to amulet of reflection.
   935 | D:1      | 935 ||| UPGRADING to ring of positive energy.
   936 | D:1      | 936 ||| READING scroll labelled NECLIARI JIROIRENT.
   994 | D:1      | 994 ||| READING scroll labelled HAOPHE ALUU.
   995 | D:1      | 995 ||| READING 2 scrolls labelled TAMAMO BAAD.
   996 | D:1      | 996 ||| READING scroll labelled IRCHIS SIMED QEXACE.
  1181 | D:2      | 1181 ||| Stepping ~*~*~tactically~*~*~ (stealth).
  1250 | D:2      | Reached skill level 1 in Throwing
  1313 | D:2      | Reached XP level 4. HP: 28/28 MP: 4/4
  1412 | D:2      | 1412 ||| Stepping ~*~*~tactically~*~*~ (stealth).
  1463 | D:2      | 1463 ||| Stepping ~*~*~tactically~*~*~ (hiding).
  1471 | D:2      | HP: 7/28 [gnoll/+3 halberd (5)]
  1474 | D:2      | Slain by a gnoll

Levels and vault maps discovered:
D:1:      dpeg_arrival_rhombus, layout_loops_corners
D:2:      layout_loops_ring, minmay_misc_feat_four_crosses

Skill      XL: |  1  2  3 |
---------------+----------+-----
Axes           | 2 3 |  3.6
Throwing       | 1 |  1.2
Fighting       | |  3.2
Armour         | |  3.2
Shields        | |  3.2

Action                   |  1- 3 |  4- 6 || total
-------------------------+-------+-------++-------
Melee: War axe           |    76 |    18 ||    94
Throw: Javelin           |    18 |     1 ||    19
  Use: Scroll            |     4 |       ||     4
Armor: Scale mail        |    32 |     8 ||    40
Dodge: Dodged            |    39 |     8 ||    47
Block: Buckler           |    17 |    10 ||    27

Table legend:
 A = Non-vault XP
 B = Vault XP
 C = Vault XP percentage of total XP
 D = Non-vault monster count
 E = Vault monster count
 F = Vault count percentage of total count
                 A         B        C        D         E       F
            +---------+---------+-------+---------+---------+-------
      Total |      98 |       0 |   0.0 |      35 |       0 |   0.0
            +---------+---------+-------+---------+---------+-------
        D:1 |      35 |       0 |   0.0 |      20 |       0 |   0.0
        D:2 |      63 |       0 |   0.0 |      15 |       0 |   0.0
            +---------+---------+-------+---------+---------+-------
